 Dungeon Crawl Stone Soup version 0.30-a0-722-g3e6e8c874d (webtiles) character file.

Game seed: 831660613865317156

213 ragingrage the Digger (level 6, -6/36 (41) HPs)
             Began as a Formicid Earth Elementalist on Jan 27, 2023.
             Mangled by an orc
             ... wielding a +0 trident
              (7 damage)
             ... on level 6 of the Dungeon.
             The game lasted 00:03:22 (2677 turns).

ragingrage the Digger (Formicid Earth Elementalist) Turns: 2677, Time: 00:03:23

HP:   -6/36 (41)    AC:  3    Str: 13    XL:     6   Next: 14%
MP:   7/9           EV: 12    Int: 16    God:
Gold: 182           SH:  0    Dex: 14    Spells: 3/9 levels left

rFire   . . .      SeeInvis +    p - +7 club
rCold   . . .      Faith    .    (no shield)
rNeg    + . .      Spirit   .    a - +0 robe
rPois   .          Reflect  .    (helmet unavailable)
rElec   .          Harm     .    (no cloak)
rCorr   .          Rampage  .    l - +0 pair of gloves
Will    .....                    (no boots)
Stlth   +++                      (no amulet)
HPRegen 0.26/turn                i - ring of positive energy
MPRegen 0.11/turn                s - ring of wizardry

@: heavily drained
A: permanent stasis, dig shafts and tunnels, antennae 3, four strong arms
a: Dig, Shaft Self


You were on level 6 of the Dungeon.
You visited 1 branch of the dungeon, and saw 6 of its levels.

You collected 182 gold pieces.

Inventory:

Hand Weapons
 p - a +7 club (weapon)
 v - a +0 long sword
Missiles
 d - 5 poisoned darts
Armour
 a - a +0 robe (worn)
 l - a +0 pair of gloves (worn)
Jewellery
 i - a ring of positive energy (left hand)
 s - a ring of wizardry (right hand)
Wands
 o - a wand of flame (43)
Scrolls
 e - 3 scrolls of poison {unknown}
 f - a scroll of enchant weapon {unknown}
 h - a scroll of noise {unknown}
 j - a scroll of brand weapon {unknown}
 k - 2 scrolls of teleportation {unknown}
 m - a scroll of fog {unknown}
 q - a scroll of immolation {unknown}
 t - 2 scrolls of magic mapping {unknown}
 u - 4 scrolls of identify {unknown}
 x - a scroll of amnesia {unknown}
Potions
 b - 2 potions of magic


   Skills:
 - Level 1.7 Dodging
 - Level 4.0 Stealth
 - Level 2.1 Spellcasting
 - Level 2.0 Transmutations
 * Level 6.8 Earth Magic


You had 3 spell levels left.
You knew the following spells:

 Your Spells              Type           Power      Damage    Failure   Level
a - Sandblast             Erth           46%        2d11      1%          1
b - Passwall              Tmut/Erth      12%        N/A       1%          2
c - Stone Arrow           Conj/Erth      24%        3d8       6%          3

Your spell library contained the following spells:

 Spells                   Type           Power      Damage    Failure   Level
 Static Discharge         Conj/Air       2%         2-3/arc   12%         2
 Vhi's Electric Charge    Tloc/Air       2%         N/A       24%         3
 Petrify                  Tmut/Erth      15%        N/A       13%         4
 Arcjolt                  Conj/Air       0%         1d10      89%         5
 Lightning Bolt           Conj/Air       0%         1d11      89%         5


Dungeon Overview and Level Annotations

Branches:
Dungeon (7/15)
 Temple: D:4-7

Altars:

Shops:
D:1 ?   D:2 ?   D:4 ::

Annotations:
D:2 1 runed translucent door, Crazy Yiuf


Innate Abilities, Weirdness & Mutations

You cannot be hasted, slowed, berserked, paralysed or teleported.
You can dig through walls and to a lower floor.
You have a pair of large antennae on your head. (SInv)
Your four strong arms can wield two-handed weapons with a shield.


Message History

You're too confused to cast spells.
Unknown command.
You're too confused to cast spells.
You hit the orc wizard.
The orc wizard is severely wounded.
The orc wizard completely misses you.
An orc comes into view. It is wielding a +0 dagger.
Okay, then.
You bump into the rock wall.
The orc wizard misses you.
You closely miss the orc wizard.
The orc wizard is severely wounded.
The orc wizard barely misses you.
You hit the orc wizard.
The orc wizard is almost dead.
The orc wizard hits you but does no damage.
You partially resist.
You bump into the rock wall.
The orc wizard hits you with a +2 dagger of draining.
You partially resist.
You feel drained. The orc hits you with a +0 dagger.
You bump into the rock wall.
The orc wizard hits you with a +2 dagger of draining.
You partially resist.
You feel drained. The orc hits you with a +0 dagger.
You feel less confused.
An orc comes into view. It is wielding a +0 trident.
The orc hits you with a +0 dagger.
You closely miss the orc wizard.
The orc wizard is almost dead.
The orc wizard hits you with a +2 dagger of draining.
You partially resist.
You feel drained.
The orc wizard hits you with a +2 dagger of draining.
You partially resist.
You feel drained.
The orc hits you from afar with a +0 trident!
* * * LOW HITPOINT WARNING * * *
The orc hits you from afar with a +0 trident!
* * * LOW HITPOINT WARNING * * *
It was a potion of cancellation.
You feel magically purged.
The orc wizard gestures at you while chanting.
You resist with some effort.
The orc hits you from afar with a +0 trident!
You die...

# .##
o###.###..###..
#....{.........#
.. #.# ... #.#
#..####o#
#..o.o.#
####.o## #.@#
##.# #.# #># #.#
{ #.# #.#
######'###
#........####


You could see an orc wizard (invisible) and 3 orcs.

Vanquished Creatures
  A phantom (D:4)
  Jessica (D:2)
  Robin (D:1)
  3 gnolls (D:3)
  An adder (D:3)
  An orc (D:3)
  4 endoplasms
  2 giant cockroaches
  13 goblins
  3 hobgoblins
  8 jackals
  4 quokkas
  6 ball pythons
  2 bats
  A frilled lizard (D:3)
  5 kobolds (D:1)
  4 rats
60 creatures vanquished.

Notes
Turn   | Place    | Note
-------+----------+-------------------------------------------
     0 | D:1      | ragingrage the Formicid Earth Elementalist began the quest
                  | for the Orb.
     0 | D:1      | Reached XP level 1. HP: 13/13 MP: 3/3
   102 | D:1      | Reached skill level 4 in Earth Magic
   106 | D:1      | Reached XP level 2. HP: 14/19 MP: 0/5
   542 | D:1      | Found Haru's Magic Scroll Shoppe.
   913 | D:1      | Reached XP level 3. HP: 24/24 MP: 4/6
  1224 | D:2      | Noticed Jessica
  1225 | D:2      | Killed Jessica
  1226 | D:2      | Reached skill level 5 in Earth Magic
  1226 | D:2      | Reached XP level 4. HP: 30/30 MP: 4/7
  1294 | D:2      | Noticed Robin
  1303 | D:1      | Killed Robin
  1591 | D:2      | Found Peharol's Magic Scroll Emporium.
  1733 | D:2      | Learned a level 2 spell: Passwall
  1737 | D:2      | Learned a level 3 spell: Stone Arrow
  1818 | D:2      | Found a runed translucent door.
  1819 | D:2      | Noticed Crazy Yiuf
  2156 | D:3      | Reached XP level 5. HP: 35/35 MP: 5/8
  2219 | D:3      | Reached skill level 6 in Earth Magic
  2355 | D:3      | You fall into a shaft and drop 1 floor!
  2383 | D:4      | Found Deromn's Book Boutique.
  2388 | D:4      | Noticed a phantom
  2396 | D:4      | Killed a phantom
  2397 | D:4      | Reached XP level 6. HP: 35/41 MP: 4/9
  2447 | D:4      | Found Laukh's Book Emporium.
  2457 | D:4      | HP: 2/41 [centaur (5)]
  2461 | D:4      | You fall into a shaft and drop 2 floors!
  2676 | D:6      | HP: 1/36 [orc/+0 trident (8)]
  2677 | D:6      | Mangled by an orc

Illustrated notes

Levels and vault maps discovered:
D:1:      giann_forest_graveyard, layout_basic, serial_shops, shop
D:2:      layout_basic, serial_shops, shop, uniq_crazy_yiuf_cottage, uniq_robin,
          uniq_jessica
D:3:      kb_forest_paths, layout_rooms, grunt_decor_mini_mirrors
D:4:      layout_cave_pools, serial_shops, shop, nicolae_lakefront_shop,
          nicolae_shop_statue_plus, nicolae_shop_trees
D:6:      layout_basic, nemelex_spade_bored_becter, uniq_duvessa
D:7:      layout_cave_pools, zin_statuary

Skill      XL: |  1  2  3  4  5 |
---------------+----------------+-----
Earth Magic    | 4 5 6 |  6.8
Transmutations | 2 |  2.0
Stealth        | 3 4 |  4.0
Dodging        | |  1.7
Spellcasting   | |  2.1

Action                     |  1- 3 |  4- 6 || total
---------------------------+-------+-------++-------
  Melee: Unarmed           |     5 |       ||     5
         Dagger            |     2 |       ||     2
         Short sword       |     1 |       ||     1
         Club              |       |    12 ||    12
   Cast: Sandblast         |    32 |    47 ||    79
         Stone Arrow       |       |     2 ||     2
Ability: Dig               |     1 |       ||     1
         Shaft Self        |       |     1 ||     1
    Use: Potion            |       |     5 ||     5
   Stab: Sleeping          |     1 |       ||     1
 Armour: Robe              |     3 |    16 ||    19
  Dodge: Dodged            |    13 |    41 ||    54

Table legend: (Time is in decaauts)
 A = Elapsed time spent in this place.
 B = Non-inter-level travel time spent in this place.
 C = Inter-level travel time spent in this place.
 D = Time resting spent in this place.
 E = Time spent auto-exploring this place.
 F = Levels seen in this place.
 G = Mean time per level.
                   A        B        C        D        E       F      G
               +--------+--------+--------+--------+--------+-----+--------+
         Total |   2717 |   2653 |     64 |    521 |   1658 |   6 |  452.8 |
       Dungeon |   2717 |   2653 |     64 |    521 |   1658 |   6 |  452.8 |
               +--------+--------+--------+--------+--------+-----+--------+

Top non-repeatable levels by time:
     D:1: 1188 daAuts
     D:2: 874 daAuts
     D:3: 328 daAuts
     D:6: 216 daAuts
     D:4: 109 daAuts
     D:7: 1 daAuts
